 Dungeon Crawl Stone Soup version 0.23-a0-32-g1388f29e54 (webtiles) character file.

6257 Htamos the Grappler (level 10, -9/100 HPs)
             Began as a Troll Fighter on Aug 4, 2018.
             Was a Follower of Okawaru.
             Mangled by Gastronok (30 damage)
             ... on level 8 of the Dungeon.
             The game lasted 00:17:35 (7037 turns).

Htamos the Grappler (Troll Fighter)                 Turns: 7037, Time: 00:17:36

Health: -9/100     AC:  5    Str: 31    XL:     10   Next: 62%
Magic:  9/9        EV: 12    Int:  4    God:    Okawaru [*.....]
Gold:   119        SH: 11    Dex: 13    Spells: 9/9 levels left

rFire    . . .     SeeInvis .     - Unarmed
rCold    . . .     Gourm    +   b - +0 shield
rNeg     . . .     Faith    .   a - +0 robe
rPois    .         Spirit   .   (helmet restricted)
rElec    .         Reflect  .   (no cloak)
rCorr    .         Harm     .   (gloves unavailable)
MR       .....                  (boots unavailable)
Stlth    +.........             w - amulet of the acrobat
HPRegen  0.66/turn              J - +3 ring of dexterity
MPRegen  0.11/turn              y - +3 ring of strength

@: no status effects
A: large, unfitting armour, claws 3, fast metabolism 3, gourmand, regeneration
1, shaggy fur 1, tough skin 2
a: Heroism, Renounce Religion


You were on level 8 of the Dungeon.
You worshipped Okawaru.
Okawaru was aware of your devotion.
You were not hungry.

You visited 2 branches of the dungeon, and saw 9 of its levels.

You collected 374 gold pieces.
You spent 255 gold pieces at shops.

Inventory:

Hand Weapons
 i - the +9 trident "Maozuir" {venom, rPois rF+ Int-5}
   (You bought it in a shop on level 7 of the Dungeon)

   It poisons the flesh of those it strikes.
   It affects your intelligence (-5).
   It protects you from fire.
   It protects you from poison.
 B - a +3 short sword of electrocution
 L - a +0 whip of electrocution
Missiles
 H - a throwing net (quivered)
Armour
 a - a +0 robe (worn)
 b - a +0 shield (worn)
Jewellery
 h - an uncursed ring of protection from cold
 r - an uncursed ring of stealth
 w - an amulet of the acrobat (around neck)
 y - a +3 ring of strength (right claw)
 A - an uncursed ring of stealth
 J - a +3 ring of dexterity (left claw)
Wands
 p - a wand of polymorph (13)
 s - a wand of iceblast (9)
 u - a wand of paralysis (1)
 v - a wand of random effects (22)
 C - a wand of digging (19)
 D - a wand of acid (4)
Scrolls
 c - a scroll of fear
 f - 2 scrolls of magic mapping {unknown}
 j - 2 scrolls of immolation {unknown}
 k - 6 scrolls of remove curse
 m - 5 scrolls of enchant weapon
 n - 3 scrolls of teleportation
 t - 4 scrolls of enchant armour {unknown}
 z - 10 scrolls of identify
 F - a scroll of brand weapon
 G - a scroll of vulnerability {unknown}
Potions
 e - a potion of resistance {unknown}
 g - 3 potions of flight
 l - 5 potions of ambrosia
 o - 2 potions of mutation
 q - a potion of curing
 x - 4 potions of cancellation
 E - a potion of might
 I - a potion of degeneration {unknown}
 K - a potion of brilliance {unknown}
Comestibles
 d - 12 rations


   Skills:
 + Level 6.6 Fighting
 + Level 5.6 Armour
 + Level 6.2 Dodging
 + Level 6.6 Shields
 + Level 8.0 Unarmed Combat


You had 9 spell levels left.
You didn't know any spells.
Your spell library was empty.

Dungeon Overview and Level Annotations

Branches:
Dungeon (8/15)             Temple (1/1) D:7
   Lair: D:8-11

Altars:
Gozag
Kikubaaqudgha
Makhleb
Okawaru
Qazlal
Ru
Trog
Uskayaw
Xom
Yredelemnul
Zin

Shops:
D:7 (

Annotations:
D:8 Gastronok


Innate Abilities, Weirdness & Mutations

You are too large for most types of armour.
You have claws for hands.
Your metabolism is lightning-fast.
You like to eat raw meat.
Your natural rate of healing is unusually fast.
You are covered in fur. (AC +1)
You have very tough skin. (AC +2)


Message History

You feel better.
Evoke which item? (* to show all) (? for menu, Esc to quit)
Aiming: Paralyse
Press: ? - help, Shift-Dir - straight line, f - Gastronok
Aim: Gastronok, wearing a hat (heavily wounded, covering ground quickly, chance to defeat MR: 6%)
Okay, then.
Evoke which item? (* to show all) (? for menu, Esc to quit)
Aiming: Corrosive Bolt
Press: ? - help, Shift-Dir - straight line, f - Gastronok
Aim: Gastronok, wearing a hat (heavily wounded, covering ground quickly)
The bolt of acid hits Gastronok.
Gastronok is splashed with acid.
The acid corrodes Gastronok!
Gastronok is heavily wounded.
You block Gastronok's attack.
You mangle Gastronok!!
Gastronok is severely wounded.
You claw Gastronok!
Gastronok is severely wounded.
Gastronok bites you!!
You die...

#.#.......# #.##.....#
#...### #.#.......#
#.#....... ##.....
#.#.......# #.#......#
#...## #.#.......#
#.#......# ##..##
#.........# #.#......#
#..##
###.......#####........#
#(.##
#...(................#
#.)#.
##############...####
#..#. #@..# #..#.
#.....w.[.# #....
#.........# #....
#.........# #......
#####...### ........#
..... ......(.# .....
......... ......#
)........ .........


You could see Gastronok.

Vanquished Creatures
  Harold (D:6)
  Pikel (D:8)
  The ghost of Htamos the Conjurer, a novice OpCj of Sif Muna (D:7)
  The ghost of shruggingcutely the Grappler, a novice VSTm (D:6)
  The ghost of Tinylith the Basher, a novice MiFi of Makhleb (D:5)
  Grinder (D:6)
  Prince Ribbit (D:5)
  The ghost of shruggingcutely the Digger, an amateur DgEE (D:5)
  The ghost of strelocc the Vexing, an amateur SpEn (D:4)
  An acid dragon (D:5)
  2 ice beasts (D:6)
  A slave (D:8)
  A sky beast (D:8)
  A black bear (D:7)
  A necrophage (D:7)
  5 ogres
  2 phantoms
  3 centaurs
  A bullfrog (D:6)
  A wyvern zombie (D:6)
  Blork the orc (D:6)
  The ghost of terminal the Chopper, a weakling MiBe of Trog (D:5)
  9 scorpions
  3 howler monkeys
  3 quasits (D:7)
  3 jellies
  2 centaur zombies
  A bullfrog skeleton (D:5)
  3 hounds
  5 orc wizards
  2 orc priests
  2 iguanas
  A centaur skeleton (D:7)
  Ijyb (D:3)
  10 worker ants
  2 hound zombies
  A gnoll (D:1)
  12 adders
  3 shadow imps
  An ooze (D:7)
  4 worms
  4 dart slugs
  3 leopard geckos
  30 orcs
  11 giant cockroaches
  10 goblins
  8 hobgoblins
  6 jackals
  8 kobolds
  4 quokkas
  2 ball pythons
  13 bats
  3 frilled lizards
  A leopard gecko skeleton (D:4)
  A quokka skeleton (D:6)
  7 rats
209 creatures vanquished.

Vanquished Creatures (others)
  A worker ant (D:8)
  An orc (D:6)
  3 fungi (D:4)
  3 withered plants
8 creatures vanquished.

Grand Total: 217 creatures vanquished

Notes
Turn   | Place    | Note
-------+----------+-------------------------------------------
     0 | D:1      | Htamos the Troll Fighter began the quest for the Orb.
     0 | D:1      | Reached XP level 1. HP: 22/22 MP: 0/0
    59 | D:1      | Reached XP level 2. HP: 26/29 MP: 1/1
   184 | D:1      | Reached XP level 3. HP: 27/36 MP: 2/2
   235 | D:1      | Reached skill level 3 in Unarmed Combat
   850 | D:2      | Found a burning altar of Makhleb.
   929 | D:2      | Reached XP level 4. HP: 44/44 MP: 3/3
  1355 | D:3      | Reached XP level 5. HP: 51/53 MP: 4/4
  1386 | D:3      | Reached skill level 4 in Unarmed Combat
  1514 | D:3      | Noticed Ijyb
  1543 | D:3      | Killed Ijyb
  1912 | D:4      | Found an ancient bone altar of Kikubaaqudgha.
  1993 | D:4      | Reached skill level 1 in Armour
  1993 | D:4      | Reached XP level 6. HP: 45/61 MP: 5/5
  2246 | D:4      | Found a runed gate.
  2246 | D:4      | Found a runed gate.
  2246 | D:4      | Found a runed gate.
  2246 | D:4      | Noticed strelocc's ghost (amateur SpEn)
  2477 | D:4      | Reached XP level 7. HP: 68/68 MP: 6/6
  2937 | D:5      | Entered Level 5 of the Dungeon
  2956 | D:5      | Reached skill level 5 in Unarmed Combat
  3368 | D:5      | Found a runed gate.
  3368 | D:5      | Found a runed gate.
  3368 | D:5      | Found a runed gate.
  3368 | D:5      | Noticed shruggingcutely's ghost (amateur DgEE)
  3368 | D:5      | Noticed Tinylith's ghost (novice MiFi)
  3368 | D:5      | Noticed terminal's ghost (weakling MiBe)
  3415 | D:5      | Reached XP level 8. HP: 77/78 MP: 7/7
  3959 | D:5      | Killed Tinylith's ghost
  3979 | D:5      | Killed terminal's ghost
  3988 | D:5      | Killed shruggingcutely's ghost
  3988 | D:5      | Reached skill level 5 in Fighting
  3988 | D:5      | Reached skill level 5 in Shields
  3988 | D:5      | Reached skill level 6 in Unarmed Combat
  4188 | D:4      | Killed strelocc's ghost
  4188 | D:4      | Reached XP level 9. HP: 84/88 MP: 8/8
  4307 | D:6      | Noticed Prince Ribbit
  4373 | D:5      | Killed Prince Ribbit
  4677 | D:6      | Reached skill level 5 in Dodging
  4766 | D:6      | Noticed Grinder
  4776 | D:6      | Killed Grinder
  5126 | D:6      | Noticed Blork the orc
  5131 | D:6      | Killed Blork the orc
  5201 | D:6      | Found a runed door.
  5205 | D:6      | Noticed shruggingcutely's ghost (novice VSTm)
  5269 | D:6      | Reached skill level 7 in Unarmed Combat
  5360 | D:6      | Found a sacrificial altar of Ru.
  5375 | D:6      | Found an opulent altar of Gozag.
  5523 | D:6      | Killed shruggingcutely's ghost
  5620 | D:7      | Noticed Harold
  5664 | D:6      | Killed Harold
  5664 | D:6      | Reached skill level 5 in Armour
  5664 | D:6      | Reached XP level 10. HP: 22/98 MP: 9/9
  5916 | D:7      | Found a stormy altar of Qazlal.
  5953 | D:7      | Found a staircase to the Ecumenical Temple.
  5968 | Temple   | Entered the Ecumenical Temple
  5974 | Temple   | Became a worshipper of Warmaster Okawaru
  6034 | D:7      | Found a transporter.
  6134 | D:7      | Found Qiuxakli's Antique Weapon Emporium.
  6143 | D:7      | Bought a steaming trident for 255 gold pieces
  6143 | D:7      | Lost intelligence.
  6143 | D:7      | Identified the +9 trident "Maozuir" {venom, rPois rF+ Int-5} (You bought it in a shop on level 7 of the Dungeon)
  6293 | D:7      | Found a hide-covered altar of Uskayaw.
  6301 | D:7      | Found a transporter.
  6301 | D:7      | Noticed Htamos's ghost (novice OpCj)
  6651 | D:7      | Killed Htamos's ghost
  6651 | D:7      | Reached * piety under Okawaru
  6825 | D:8      | Noticed Pikel
  6843 | D:8      | Killed Pikel
  6913 | D:8      | Reached skill level 8 in Unarmed Combat
  7019 | D:8      | Noticed Gastronok
  7037 | D:8      | Mangled by Gastronok

Vault maps used:
D:1:      dpeg_arrival_short_road, hangedman_decor_peaks_small,
          minmay_hedge_maze, wad_floor_pattern_1, hex_tiny, st_stairs_11
D:2:      lemuel_doored_altar, first_ration, kennysheep_generic_room_10
D:3:      minmay_fountain_box, uniq_ijyb
D:4:      old_forge, lemuel_round_altar, ebering_ghost_rock_garden,
          minmay_joined_circles
D:5:      gammafunk_ghost_cemetery, st_stairs_5
D:6:      hangedman_cross_stitches, amethyst_overflow_temple_binary,
          gammafunk_ghost_grave, uniq_prince_ribbit1, uniq_blork_the_orc,
          uniq_grinder
D:7:      kennysheep_mini_moat, old_standard_altar,
          minmay_temple_entry_large_hall, gammafunk_ghost_stat_death,
          serial_shops, nicolae_shop_statue_plus, minmay_misc_feat_rows,
          uniq_harold
D:8:      uniq_gastronok, uniq_pikel
Temple:   eino_temple_rhombus

Skill      XL: |  1  2  3  4  5  6  7  8  9 10 |
---------------+-------------------------------+-----
Unarmed Combat | 3 4 5 6 7 8 |  8.0
Fighting       | 3 4 5 6 |  6.6
Shields        | 3 4 5 6 |  6.6
Armour         | 1 2 3 5 |  5.6
Dodging        | 3 4 5 6 |  6.2

Action                   |  1- 3 |  4- 6 |  7- 9 | 10-12 || total
-------------------------+-------+-------+-------+-------++-------
Melee: Unarmed           |   118 |   147 |   362 |   107 ||   734
Evoke: Wand              |       |       |     8 |     5 ||    13
  Use: Potion            |       |     1 |     6 |     5 ||    12
       Scroll            |       |     8 |     6 |       ||    14
 Stab: Sleeping          |       |     2 |       |       ||     2
       Paralysed         |       |       |     4 |     2 ||     6
       Invisible         |       |       |     2 |     1 ||     3
       Distracted        |       |       |     1 |       ||     1
  Eat: Chunk             |    14 |    15 |    29 |     8 ||    66
Armor: Robe              |    34 |    41 |    62 |    24 ||   161
Dodge: Dodged            |    28 |    40 |   130 |    71 ||   269
Block: Shield            |    37 |    57 |   168 |    68 ||   330

Table legend:
 A = Spawn XP
 B = Non-spawn XP
 C = Spawn XP percentage of total XP
 D = Spawn monster count
 E = Non-spawn monster count
 F = Spawn count percentage of total count
 G = Total turns spent on level
                    A         B        C        D         E        F      G
               +---------+---------+-------+---------+---------+-------+---------
         Total |       0 |    8939 |   0.0 |       0 |     208 |   0.0 |  7037
               +---------+---------+-------+---------+---------+-------+---------
           D:1 |       0 |      66 |   0.0 |       0 |      27 |   0.0 |   520
           D:2 |       0 |      34 |   0.0 |       0 |      16 |   0.0 |   654
           D:3 |       0 |     183 |   0.0 |       0 |      23 |   0.0 |   721
           D:4 |       0 |    1030 |   0.0 |       0 |      47 |   0.0 |  1094
           D:5 |       0 |    2043 |   0.0 |       0 |      38 |   0.0 |  1497
           D:6 |       0 |    2887 |   0.0 |       0 |      31 |   0.0 |  1261
           D:7 |       0 |    1604 |   0.0 |       0 |      18 |   0.0 |   958
           D:8 |       0 |    1092 |   0.0 |       0 |       8 |   0.0 |   319
               +---------+---------+-------+---------+---------+-------+---------
